 Dungeon Crawl Stone Soup version 0.28-a0-1435-g82390b3a13 (webtiles) character file.

Game seed: 6493330063721415076

63 MacCMillion the Skirmisher (level 3, -2/29 HPs)
             Began as a Demonspawn Fighter on Jan 9, 2022.
             Killed from afar by Sigmund (5 damage)
             ... with a magic dart
             ... on level 2 of the Dungeon.
             The game lasted 00:04:43 (1372 turns).

MacCMillion the Skirmisher (Demonspawn Fighter)     Turns: 1372, Time: 00:04:44

Health: -2/29      AC:  6    Str: 22    XL:     3   Next: 89%
Magic:  3/3        EV:  9    Int:  9    God:
Gold:   48         SH:  4    Dex: 12    Spells: 2/2 levels left

rFire   . . .      SeeInvis .   k - +6 short sword of Revolt {elec, Str+4}
rCold   . . .      Faith    .   c - +0 buckler
rNeg    . . .      Spirit   .   b - +0 scale mail
rPois   .          Reflect  .   (no helmet)
rElec   .          Harm     .   (no cloak)
rCorr   .          Rampage  .   (no gloves)
Will    .....                   (no boots)
Stlth   ..........              (no amulet)
HPRegen 0.09/turn               (no ring)
MPRegen 0.08/turn               (no ring)

@: no status effects
A: claws 1, spiny 1
a: no special abilities


You were on level 2 of the Dungeon.
You visited 1 branch of the dungeon, and saw 2 of its levels.

You collected 48 gold pieces.

Inventory:

Hand Weapons
 a - a +0 rapier
 k - the +6 short sword of Revolt (weapon) {elec, Str+4}
   (You found it on level 2 of the Dungeon)

   It occasionally discharges a powerful burst of electricity upon striking a
   foe.
   Str:       It affects your strength (+4).
Armour
 b - a +0 scale mail (worn)
 c - a +0 buckler (worn)
Magical Staves
 h - a staff of conjuration
Scrolls
 f - a scroll of enchant armour {unknown}
 i - a scroll of magic mapping {unknown}
Potions
 d - a potion of might
 e - a potion of flight {unknown}
 g - a potion of degeneration {unknown}
 j - a potion of magic {unknown}


   Skills:
 + Level 3.5 Fighting
 + Level 2.4 Short Blades
 + Level 3.2 Armour
 + Level 3.1 Shields


You had 2 spell levels left.
You didn't know any spells.
Your spell library was empty.

Dungeon Overview and Level Annotations

Branches:
Dungeon (2/15)

Altars:

Annotations:
D:2 exclusion: kobold, Sigmund


Innate Abilities, Weirdness & Mutations

You have sharp fingernails.
You are partially covered in sharp spines.


Message History

The gnoll hits you but does no damage.
Unknown command.
You puncture the gnoll! Lightning courses through the gnoll!!
You kill the gnoll!
The gnoll hits you from afar with a +0 halberd.
There is a stone staircase leading up here.
You climb upwards.
There is a stone staircase leading down here.
You start resting.
HP restored.
You climb downwards.
Level annotation: exclusion: kobold, Sigmund The gnoll closely misses you.
There is a stone staircase leading up here.
The gnoll is struck by your spines. The gnoll hits you with a +0 halberd.
You closely miss the gnoll.
The gnoll is lightly wounded.
The gnoll hits you with a +0 halberd.
You hit the gnoll.
The gnoll is moderately wounded.
The gnoll barely misses you.
You closely miss the gnoll.
The gnoll is moderately wounded.
The gnoll closely misses you.
You hit the gnoll.
The gnoll is severely wounded.
The gnoll hits you with a +0 halberd!
You puncture the gnoll! Lightning courses through the gnoll!!
You kill the gnoll!
The gnoll throws a throwing net.
The throwing net hits you.
You become entangled in the net!
You struggle against the net.
You struggle against the net.
The gnoll barely misses you.
You struggle against the net.
The gnoll hits you with a +0 flail!
* * * LOW HITPOINT WARNING * * *
You rip the net and break free!
You block the gnoll's attack.
Sigmund shouts!
Sigmund gestures at you while chanting. The magic dart hits you.
You die...

.###.......#######.#
.....#.....# #.#
.###...#...# #.# .#
###.#.### #.###### .#
#...# #......# .#
###..##############.# .#
#....@.......# #.# .#
#.#..###...#.######.# .#
#†#..# #....@(......#
.####.#..#
#<.g#.########
.........####.#......#
.......)....#)#..###....
#####.#.###.#.#..# ##
#.#.###.#.#..#
#.#.##....#..######
#.#.#.#.#..........
#.#..##.##...######


You could see Sigmund and a gnoll.

Vanquished Creatures
  3 gnolls (D:2)
  2 dart slugs
  2 endoplasms (D:1)
  5 giant cockroaches
  2 goblins (D:1)
  4 hobgoblins
  A quokka (D:1)
  4 ball pythons
  A bat (D:1)
  2 frilled lizards
  3 kobolds
  A rat (D:2)
30 creatures vanquished.

Notes
Turn   | Place    | Note
-------+----------+-------------------------------------------
     0 | D:1      | MacCMillion the Demonspawn Fighter began the quest for the
                  | Orb.
     0 | D:1      | Reached XP level 1. HP: 18/18 MP: 1/1
   103 | D:1      | Gained mutation: You are partially covered in sharp spines.
                  | [demonic ancestry]
   103 | D:1      | Reached XP level 2. HP: 11/24 MP: 2/2
  1134 | D:2      | Noticed Sigmund
  1152 | D:2      | Gained mutation: You have sharp fingernails. [demonic
                  | ancestry]
  1152 | D:2      | Reached XP level 3. HP: 28/29 MP: 3/3
  1174 | D:2      | Identified the +6 short sword of Revolt {elec, Str+4}
  1372 | D:2      | Killed from afar by Sigmund

Illustrated notes

Levels and vault maps discovered:
D:1:      enne_arrival_octagon_isle, layout_loops_ring, minmay_3d_cube
D:2:      layout_loops_ring, ebering_ecumenical_altar_hall,
          minmay_misc_feat_rugged, uniq_sigmund

Skill      XL: |  1  2 |
---------------+-------+-----
Short Blades   | 2 |  2.4
Armour         | 3 |  3.2
Shields        | 3 |  3.1
Fighting       | |  3.5

Action                   || total
-------------------------++-------
Melee: Rapier            ||    63
       Short sword       ||     9
Armor: Scale mail        ||    27
Dodge: Dodged            ||    16
Block: Buckler           ||    15

Table legend: (Time is in decaauts)
 A = Elapsed time spent in this place.
 B = Non-inter-level travel time spent in this place.
 C = Inter-level travel time spent in this place.
 D = Time resting spent in this place.
 E = Time spent auto-exploring this place.
 F = Levels seen in this place.
 G = Mean time per level.
                   A        B        C        D        E       F      G
               +--------+--------+--------+--------+--------+-----+--------+
         Total |   1381 |   1369 |     12 |    269 |    824 |   2 |  690.5 |
       Dungeon |   1381 |   1369 |     12 |    269 |    824 |   2 |  690.5 |
               +--------+--------+--------+--------+--------+-----+--------+

Top non-repeatable levels by time:
     D:1: 1111 daAuts
     D:2: 270 daAuts
